 Dungeon Crawl Stone Soup version 0.21.1-77-g46dbe93 (webtiles) character file.

96 mopl the Caller (level 4, -3/30 HPs)
             Began as a Mummy Summoner on Sept 4, 2018.
             Slain by Crazy Yiuf
             ... wielding a +4 quarterstaff of chaos
              (7 damage)
             ... on level 2 of the Dungeon.
             The game lasted 00:03:39 (2463 turns).

mopl the Caller (Mummy Summoner)                    Turns: 2463, Time: 00:03:41

Health: -3/30      AC:  2    Str: 11    XL:     4   Next: 41%
Magic:  1/9        EV: 12    Int: 15    God:
Gold:   174        SH:  0    Dex: 12    Spells: 0/10 levels left

rFire    x . .     SeeInvis .   a - +0 spear
rCold    + . .     Gourm    .   (no shield)
rNeg     + + +     Faith    .   c - +0 robe
rPois    ∞         Spirit   .   (no helmet)
rElec    .         Reflect  .   (no cloak)
rCorr    .         Harm     .   (no gloves)
MR       .....                  (no boots)
Stlth    ++........             (no amulet)
HPRegen  0.10/turn              (no ring)
MPRegen  0.11/turn              (no ring)

@: no status effects
A: no food or potions, fire vulnerability, cold resistance 1, negative energy
resistance 3, torment resistance, unbreathing
a: no special abilities


You were on level 2 of the Dungeon.
You were not hungry.

You visited 1 branch of the dungeon, and saw 2 of its levels.

You collected 174 gold pieces.

Inventory:

Hand Weapons
 a - a +0 spear (weapon)
 b - a +0 hunting sling
Missiles
 f - 9 stones (quivered)
 m - 7 poisoned needles
Armour
 c - a +0 robe (worn)
Scrolls
 e - 4 scrolls of identify {unknown}
 g - 2 scrolls of teleportation {unknown}
 h - a scroll of enchant armour {unknown}
 i - a scroll of immolation {unknown}
 j - a scroll of fear {unknown}
 k - a scroll of noise {unknown}
 l - 2 scrolls of enchant weapon {unknown}
 n - a scroll of remove curse {unknown}
Books
 d - a book of Callings

   Spells                             Type                      Level
   a - Summon Small Mammal            Summoning                    1
   b - Call Imp                       Summoning                    2
   c - Call Canine Familiar           Summoning                    3
   d - Summon Guardian Golem          Hexes/Summoning              3
   e - Summon Lightning Spire         Summoning/Air                4
   f - Summon Ice Beast               Ice/Summoning                4


   Skills:
 - Level 1.5 Dodging
 - Level 1.5 Stealth
 + Level 3.9 Spellcasting
 * Level 4.4 Summonings
 + Level 0.0 Ice Magic


You couldn't memorise any spells.
You knew the following spells:

 Your Spells              Type           Power        Failure   Level  Hunger
a - Summon Small Mammal   Summ           ###.         3%          1    N/A
b - Call Imp              Summ           ###.....     4%          2    N/A
c - Call Canine Familiar  Summ           ###.....     9%          3    N/A
d - Summon Ice Beast      Ice/Summ       #.......     58%         4    N/A

Dungeon Overview and Level Annotations

Branches:
Dungeon (2/15)

Altars:

Annotations:
D:2 Crazy Yiuf


Innate Abilities, Weirdness & Mutations

You do not eat or drink.
Your flesh is vulnerable to fire.
You are immune to poison.
Your flesh is cold resistant. (rC+)
You are immune to negative energy. (rN+++)
You are immune to unholy pain and torment.
You can survive without breathing.


Message History

Attack whom?
Press: ? - help, Dir - move target cursor, f/p - Crazy Yiuf
Aim: Crazy Yiuf, wielding a quarterstaff of chaos and wearing a cloak (lightly wounded)
You reach to attack!
You hit Crazy Yiuf.
Crazy Yiuf is moderately wounded.
Crazy Yiuf screams, "Cake!"
Your crimson imp closely misses Crazy Yiuf.
You hit Crazy Yiuf.
Crazy Yiuf is severely wounded.
Crazy Yiuf hits you with a quarterstaff of chaos.
You are electrocuted!
Your crimson imp blinks!
Your crimson imp hits Crazy Yiuf.
You hit Crazy Yiuf but do no damage.
Crazy Yiuf is severely wounded.
Crazy Yiuf hits you with a quarterstaff of chaos!
Ouch! That really hurt!
* * * LOW HITPOINT WARNING * * *
Crazy Yiuf burns you!
You die...

#.# #.# ..# #.# .##
#.# ..#####.#######
..............###
..####.######...##
### .##
#.######5#..##
##.##
.#####........>...#
#.#.##
.......#######..@.#
####.##
.#####.##..# #..g.#
##.# .# #.#...#
♣.5..♣ ##.## .#
#.#[.## ♣...♣♣
##.## .# #.#..#
♣♣.♣♣ #.## .#
#.#..# ♣.♣♣ #.# .#
#.)..# ♣♣.♣ #.#
.#####<..## ♣.♣♣
#.# .........# ♣♣g♣
#.####


You could see Crazy Yiuf and 2 friendly crimson imps.

Vanquished Creatures
  2 adders (D:2)
  A worm (D:2)
  3 dart slugs
  2 leopard geckos
  3 giant cockroaches
  3 goblins
  2 hobgoblins
  9 jackals (D:1)
  4 bats
  A frilled lizard (D:1)
  2 kobolds (D:1)
  5 rats
37 creatures vanquished.

Vanquished Creatures (collateral kills)
  Terence (D:2)
  An adder (D:2)
  A worm (D:2)
  A leopard gecko (D:2)
  A giant cockroach (D:1)
  A goblin (D:1)
  A kobold (D:2)
7 creatures vanquished.

Grand Total: 44 creatures vanquished

Notes
Turn   | Place    | Note
-------+----------+-------------------------------------------
     0 | D:1      | mopl the Mummy Summoner began the quest for the Orb.
     0 | D:1      | Reached XP level 1. HP: 13/13 MP: 4/4
   401 | D:1      | Reached skill level 3 in Spellcasting
   401 | D:1      | Reached XP level 2. HP: 19/19 MP: 6/6
   405 | D:1      | Learned a level 2 spell: Call Imp
   674 | D:1      | Reached XP level 3. HP: 21/24 MP: 7/7
   877 | D:1      | Learned a level 3 spell: Call Canine Familiar
  1033 | D:2      | Reached skill level 4 in Summonings
  1101 | D:2      | Noticed Terence
  1496 | D:2      | Found a runed door.
  1699 | D:2      | Killed Terence
  1699 | D:2      | Reached XP level 4. HP: 24/30 MP: 1/9
  2447 | D:2      | Learned a level 4 spell: Summon Ice Beast
  2447 | D:2      | Noticed Crazy Yiuf
  2463 | D:2      | Slain by Crazy Yiuf

Skill      XL: |  1  2  3 |
---------------+----------+-----
Spellcasting   | 3 |  3.9
Summonings     | 4 |  4.4
Dodging        | |  1.5
Stealth        | |  1.5

Action                   |  1- 3 |  4- 6 || total
-------------------------+-------+-------++-------
Melee: Unarmed           |    15 |       ||    15
       Dagger            |    24 |       ||    24
       Spear             |    17 |    32 ||    49
 Fire: Hunting sling     |    66 |    10 ||    76
 Cast: Call Imp          |     6 |     3 ||     9
       Call Canine Famil |     4 |     3 ||     7
 Stab: Sleeping          |       |     1 ||     1
Armor: Robe              |    15 |     9 ||    24
Dodge: Dodged            |    64 |    13 ||    77
